 Dungeon Sprint DCSS version 0.22.0-21-g8bd1b0a (webtiles) character file.

3081 hexophile the Brawler (level 9, -2/80 HPs)
             Began as a Troll Monk on Aug 20, 2018.
             Was an Elder of Qazlal.
             Slain by a manticore (10 damage)
             ... in the Dungeon (Sprint IX: "|||||||||||||||||||||||||||||").
             The game lasted 00:03:00 (266 turns).

hexophile the Brawler (Troll Monk)                   Turns: 266, Time: 00:03:01

Health: -2/80      AC:  5    Str: 24    XL:     9   Next: 58%
Magic:  8/8        EV: 10    Int:  6    God:    Qazlal [****..]
Gold:   0          SH:  5    Dex: 12    Spells: 8/8 levels left

rFire    . . .     SeeInvis .     - Unarmed
rCold    . . .     Gourm    +   (no shield)
rNeg     . . .     Faith    .   a - +0 robe
rPois    .         Spirit   .   (helmet restricted)
rElec    .         Reflect  .   (no cloak)
rCorr    .         Harm     .   (gloves unavailable)
MR       .....     NoTele   +   (boots unavailable)
Stlth    +.........             (no amulet)
HPRegen  0.63/turn              (no ring)
MPRegen  0.11/turn              (no ring)

@: barbed spikes, repel missiles
A: large, unfitting armour, claws 3, fast metabolism 3, gourmand, regeneration
1, shaggy fur 1, tough skin 2
a: Upheaval, Elemental Force, Renounce Religion


You were in the Dungeon.
You worshipped Qazlal.
Qazlal was greatly pleased with you.
You were completely stuffed.

You visited 1 branch


Innate Abilities, Weirdness & Mutations

You are too large for most types of armour.
You have claws for hands.
Your metabolism is lightning-fast.
You like to eat raw meat.
Your natural rate of healing is unusually fast.
You are covered in fur. (AC +1)
You have very tough skin. (AC +2)

Inventory:

Armour
 a - a +0 robe (worn)
Wands
 k - a wand of acid (2)
Scrolls
 h - 2 scrolls of blinking
 j - 3 scrolls of remove curse
Potions
 c - a potion of curing
 d - a potion of invisibility
 e - a potion of haste
 f - 4 potions of magic
Comestibles
 b - 2 rations


You had 8 spell levels left.
You didn't know any spells.
Your spell library was empty.


   Skills:
 * Level 2.4 Fighting
 - Level 2.4 Dodging
 - Level 1.0 Stealth
 + Level 20.3 Unarmed Combat

Dungeon Overview and Level Annotations

Branches:
Dungeon (1/1)

Altars:
Cheibriados
Dithmenos
Elyvilon
Fedhas
Gozag
Hepliaklqana
Kikubaaqudgha
Makhleb
Nemelex Xobeh
Okawaru
Qazlal
Ru
Sif Muna
Trog
Uskayaw
Vehumet
Wu Jian
Xom
Yredelemnul
Zin
The Shining One
Beogh
Jiyva
Lugonu

Vault maps used:
D:        linesprint
You       could see a manticore, an iguana and a worker ant.


Message History

Unknown command.
You claw the cyclops!
The cyclops is severely wounded.
You block the cyclops's attack.
You mangle the cyclops!!
You kill the cyclops!
Qazlal accepts your kill.
Your Unarmed Combat skill increases to level 20!
The manticore flicks its tail.
The volley of spikes hits you!
The barbed spikes become lodged in your body.
* * * LOW HITPOINT WARNING * * *
You lost 7 HP.
You have now: 16/80 HP.
Unknown command.
The barbs in your skin will harm you if you move.
Continue?
Okay, then.
Unknown command.
You feel better.
The manticore flicks its tail.
The volley of spikes misses you.
Restored 6 HP.
You have now: 22/80 HP.
You feel better.
Restored 6 HP.
You have now: 28/80 HP.
You claw the manticore!
The manticore is lightly wounded.
The manticore barely misses you. The manticore closely misses you.
The manticore claws you!
* * * LOW HITPOINT WARNING * * *
You lost 6 HP.
You have now: 22/80 HP.
You scratch the manticore but do no damage.
The manticore is lightly wounded.
You claw the manticore!
The manticore is heavily wounded.
The manticore barely misses you. The manticore completely misses you.
You block the manticore's attack.
You barely miss the manticore.
The manticore is heavily wounded.
You scratch the manticore. You claw the manticore!
The manticore is severely wounded.
The manticore bites you.
* * * LOW HITPOINT WARNING * * *
You block the manticore's attack. The manticore claws you!
* * * LOW HITPOINT WARNING * * *
You lost 11 HP.
You have now: 12/80 HP.
You scratch the manticore but do no damage.
The manticore is severely wounded.
The manticore bites you.
* * * LOW HITPOINT WARNING * * *
The manticore claws you!
You die...

Action                   |  1- 3 |  4- 6 |  7- 9 || total
-------------------------+-------+-------+-------++-------
Melee: Unarmed           |    22 |     3 |    17 ||    42
       Punch             |       |       |     2 ||     2
Evoke: Wand              |       |     6 |     2 ||     8
  Use: Potion            |     1 |     3 |     4 ||     8
  Eat: Chunk             |       |     3 |     5 ||     8
Armor: Robe              |     3 |     8 |       ||    11
Dodge: Dodged            |    10 |     1 |    12 ||    23
       Deflected         |       |       |     2 ||     2
Block: Other             |       |     1 |     5 ||     6

Notes
Turn   | Place    | Note
-------+----------+-------------------------------------------
     0 | D        | hexophile the Troll Monk began the quest for the Orb.
     0 | D        | Reached XP level 1. HP: 22/22 MP: 0/0
    13 | D        | Reached skill level 4 in Unarmed Combat
    20 | D        | Noticed a centaur
    23 | D        | Reached skill level 5 in Unarmed Combat
    23 | D        | Reached XP level 2. HP: 29/29 MP: 1/1
    35 | D        | Killed a centaur
    35 | D        | Reached skill level 9 in Unarmed Combat
    35 | D        | Reached XP level 3. HP: 26/36 MP: 2/2
    35 | D        | Reached XP level 4. HP: 31/44 MP: 3/3
    50 | D        | Found a roughly hewn altar of Beogh.
    50 | D        | Found a snail-covered altar of Cheibriados.
    50 | D        | Found a shadowy altar of Dithmenos.
    50 | D        | Found a white marble altar of Elyvilon.
    50 | D        | Found a blossoming altar of Fedhas.
    50 | D        | Found an opulent altar of Gozag.
    51 | D        | Found a hazy altar of Hepliaklqana.
    52 | D        | Found a viscous altar of Jiyva.
    53 | D        | Found an ancient bone altar of Kikubaaqudgha.
    54 | D        | Found a corrupted altar of Lugonu.
    55 | D        | Found a burning altar of Makhleb.
    56 | D        | Found a sparkling altar of Nemelex Xobeh.
    57 | D        | Found an iron altar of Okawaru.
    58 | D        | Found a stormy altar of Qazlal.
    59 | D        | Found a sacrificial altar of Ru.
    60 | D        | Found a deep blue altar of Sif Muna.
    61 | D        | Found a bloodstained altar of Trog.
    62 | D        | Found a hide-covered altar of Uskayaw.
    63 | D        | Found a radiant altar of Vehumet.
    66 | D        | Found an ornate altar of the Wu Jian Council.
    67 | D        | Found a shimmering altar of Xom.
    68 | D        | Found a basalt altar of Yredelemnul.
    69 | D        | Found a glowing silver altar of Zin.
    70 | D        | Found a glowing golden altar of the Shining One.
   105 | D        | Became a worshipper of Qazlal Stormbringer
   105 | D        | Reached * piety under Qazlal
   105 | D        | Reached ** piety under Qazlal
   143 | D        | Noticed a gargoyle
   143 | D        | Noticed a two-headed ogre
   143 | D        | Noticed a two-headed ogre
   143 | D        | Noticed an ice beast
   143 | D        | Noticed a hippogriff
   153 | D        | Killed a hippogriff
   153 | D        | Reached skill level 12 in Unarmed Combat
   153 | D        | Reached XP level 5. HP: 19/50 MP: 4/4
   153 | D        | Reached XP level 6. HP: 23/59 MP: 5/5
   153 | D        | Killed an ice beast
   153 | D        | Reached skill level 13 in Unarmed Combat
   160 | D        | Killed an unseen horror
   160 | D        | Reached skill level 16 in Unarmed Combat
   160 | D        | Reached XP level 7. HP: 30/66 MP: 6/6
   162 | D        | Killed a two-headed ogre
   162 | D        | Reached *** piety under Qazlal
   162 | D        | Reached skill level 17 in Unarmed Combat
   162 | D        | Reached XP level 8. HP: 35/74 MP: 7/7
   163 | D        | Killed a two-headed ogre
   163 | D        | Reached skill level 19 in Unarmed Combat
   163 | D        | Reached XP level 9. HP: 38/80 MP: 8/8
   168 | D        | Killed a gargoyle
   243 | D        | Noticed a manticore
   243 | D        | Noticed a cyclops
   243 | D        | Noticed a jumping spider
   253 | D        | Killed a jumping spider
   253 | D        | Reached **** piety under Qazlal
   258 | D        | Killed a cyclops
   258 | D        | Reached skill level 20 in Unarmed Combat
   266 | D        | Slain by a manticore

Table legend:
 A = Turns spent in this place as a percentage of turns spent in the entire game.
 B = Non-inter-level travel turns spent in this place as a percentage of non-inter-level travel turns spent in the entire game.
 C = Inter-level travel turns spent in this place as a percentage of turns spent in this place.
 D = Turns resting spent in this place as a percentage of non-inter-level travel turns spent in this place.
 E = Turns spent auto-exploring this place as a percentage of non-inter-level travel turns spent in this place.
 F = Non-inter-level travel turns spent in this place divided by the number of levels of this place that you've seen.
                   A       B       C       D       E      F
               +-------+-------+-------+-------+-------+----------------------
         Total | 100.0 | 100.0 |   2.6 |  18.1 |   0.0 | 259.0
       Dungeon | 100.0 | 100.0 |   2.6 |  18.1 |   0.0 | 259.0
               +-------+-------+-------+-------+-------+----------------------

Table legend:
 A = Kills in this place as a percentage of kills in entire the game.
 B = Kills by you in this place as a percentage of kills by you in the entire game.
 C = Kills by friends in this place as a percentage of kills by friends in the entire game.
 D = Other kills in this place as a percentage of other kills in the entire game.
 E = Experience gained in this place as a percentage of experience gained in the entire game.
 F = Experience gained in this place divided by the number of levels of this place that you have seen.
                   A       B       C       D       E      F
               +-------+-------+-------+-------+-------+----------------------
         Total | 100.0 | 100.0 |   N/A |   N/A | 100.0 | 4402.0
       Dungeon | 100.0 | 100.0 |   N/A |   N/A | 100.0 | 4402.0
               +-------+-------+-------+-------+-------+----------------------

Vanquished Creatures
  2 two-headed ogres (D)
  An unseen horror (D)
  A cyclops (D)
  A gargoyle (D)
  A jumping spider (shapeshifter) (D)
  A hippogriff (D)
  An ice beast (D)
  2 centaurs (D)
  An adder skeleton (D)
  A leopard gecko (D)
  A bat (D)
  A bat skeleton (D)
  2 giant cockroaches (D)
  2 frilled lizards (D)
  A kobold (D)
19 creatures vanquished.
